| TOP OF THE 1ST |
|
Chicago (APP) Cubs batting - Pitching for San Diego (APP) Padres : RHP Brice MacKenzie
|
|
Pitching: RHP Brice MacKenzie
|
|
|
Batting: SHB Jim Lloyd
|
0-0: Ball 1-0: Called Strike 1-1: Ball 2-1: DOUBLE (Groundball, 5L, EV 105.0 MPH)
|
|
Batting: RHB Lencho Otieno
|
0-0: Ball 1-0: Called Strike 1-1: Called Strike 1-2: Foul Ball, location: 2F 1-2: Foul Ball, location: 2F 1-2: Ball 2-2: Foul Ball, location: 2F 2-2: Strikes out looking
|
|
Batting: RHB Dustin Goldsborough
|
0-0: Ball 1-0: Ball 2-0: SINGLE (Line Drive, 6MD, EV 99.4 MPH) Jim Lloyd to third Runner from 3rd tries for Home, SAFE, throw by CF to home Dustin Goldsborough to second
|
|
Batting: RHB Andy Baumhardt
|
0-0: Ball 1-0: Ball 2-0: Called Strike 2-1: Ball 3-1: Ground out 3-1 (Groundball, 34, EV 85.6 MPH) Dustin Goldsborough to third
|
|
Batting: RHB Juan Lira
|
0-0: Foul Ball, location: 2F 0-1: Ball 1-1: Swinging Strike 1-2: Foul Ball, location: 2F 1-2: Foul Ball, location: 2F 1-2: Ball 2-2: Strikes out swinging
|
| Top of the 1st over - 1 run, 2 hits, 0 errors, 1 left on base; Chicago (APP) 1 - San Diego (APP) 0 |
| BOTTOM OF THE 1ST |
|
San Diego (APP) Padres batting - Pitching for Chicago (APP) Cubs : RHP Masato Iwase
|
|
Pitching: RHP Masato Iwase
|
|
|
Batting: RHB Elias Vences
|
0-0: Ball 1-0: Ball 2-0: Ball 3-0: Called Strike 3-1: Base on Balls
|
|
Batting: RHB Victor Contreras
|
0-0: Called Strike Elias Vences steals 2nd base 0-1: SINGLE (Line Drive, 4D, EV 95.0 MPH) Elias Vences to third
|
|
Batting: RHB Edgardo Rivera
|
0-0: Called Strike 0-1: Ball 1-1: Ball 2-1: Foul Ball, location: 2F 2-2: Ball 3-2: Base on Balls Victor Contreras to second
|
|
Batting: RHB Devon Dill
|
0-0: Ball 1-0: Called Strike 1-1: Ball 2-1: Foul Ball, location: 2F 2-2: Foul Ball, location: 2F 2-2: Ball 3-2: Base on Balls Elias Vences scores Victor Contreras to third Edgardo Rivera to second
|
|
Batting: LHB Dean Luttman
|
0-0: Swinging Strike 0-1: Foul Ball, location: 2F 0-2: Strikes out looking
|
|
Batting: RHB Yuusei Narita
|
0-0: Ball 1-0: SINGLE (Flyball, 9LS, EV 91.9 MPH) Victor Contreras scores Edgardo Rivera to third Devon Dill to second
|
|
Batting: LHB Justin Daley
|
0-0: Hit by Pitch Edgardo Rivera scores Devon Dill to third Yuusei Narita to second
|
|
Batting: RHB Alex Collazo
|
0-0: Called Strike 0-1: Foul Ball, location: 2F 0-2: Strikes out looking
|
|
Batting: SHB Yu-hsui Lew
|
0-0: Ground out 4-3 (Groundball, 4, EV 95.0 MPH)
|
| Bottom of the 1st over - 3 runs, 2 hits, 0 errors, 3 left on base; Chicago (APP) 1 - San Diego (APP) 3 |
| TOP OF THE 2ND |
|
Chicago (APP) Cubs batting - Pitching for San Diego (APP) Padres : RHP Brice MacKenzie
|
|
Batting: LHB Jose Mafano
|
0-0: Called Strike 0-1: Ground out 1-3 (Groundball, 15, EV 71.2 MPH)
|
|
Batting: RHB Andy Villarreal
|
0-0: Ball 1-0: DOUBLE (Line Drive, 7LM, EV 106.9 MPH)
|
|
Batting: RHB Jorge Gonzalez
|
0-0: Ball 1-0: Swinging Strike 1-1: Ball 2-1: Swinging Strike 2-2: Ball 3-2: Ground out U3 (Groundball, 34, EV 85.0 MPH) Andy Villarreal to third
|
|
Batting: RHB Bobby Almonte
|
0-0: Called Strike 0-1: Ball 1-1: Called Strike 1-2: Foul Ball, location: 2F 1-2: Ball 2-2: Ball 3-2: Strikes out swinging, 2-3 out at first.
|
| Top of the 2nd over - 0 runs, 1 hit, 0 errors, 1 left on base; Chicago (APP) 1 - San Diego (APP) 3 |
| BOTTOM OF THE 2ND |
|
San Diego (APP) Padres batting - Pitching for Chicago (APP) Cubs : RHP Masato Iwase
|
|
Batting: RHB Elias Vences
|
0-0: Ball 1-0: Foul Ball, location: 2F 1-1: Swinging Strike 1-2: Ball 2-2: Ground out 5-3 (Groundball, 56S, EV 88.8 MPH)
|
|
Batting: RHB Victor Contreras
|
0-0: Ball 1-0: Ball 2-0: Called Strike 2-1: Ball 3-1: Fly out, F3 (Popup, 23F, EV 90.0 MPH)
|
|
Batting: RHB Edgardo Rivera
|
0-0: Called Strike 0-1: Foul Ball, location: 2F 0-2: Ball 1-2: Foul Ball, location: 2F 1-2: Foul Ball, location: 2F 1-2: Ball 2-2: Ball 3-2: Foul Ball, location: 2F 3-2: Foul Ball, location: 2F 3-2: Foul Ball, location: 2F 3-2: Base on Balls
|
|
Batting: RHB Devon Dill
|
0-0: Called Strike 0-1: Swinging Strike 0-2: Ball 1-2: Ground out 4-3 (Groundball, 34D, EV 86.2 MPH)
|
| Bottom of the 2nd over - 0 runs, 0 hits, 0 errors, 1 left on base; Chicago (APP) 1 - San Diego (APP) 3 |
| TOP OF THE 3RD |
|
Chicago (APP) Cubs batting - Pitching for San Diego (APP) Padres : RHP Brice MacKenzie
|
|
Batting: SHB Jim Lloyd
|
0-0: Ground out 4-3 (Groundball, 4D, EV 81.2 MPH)
|
|
Batting: RHB Lencho Otieno
|
0-0: Ground out 6-3 (Groundball, 6, EV 83.1 MPH)
|
|
Batting: RHB Dustin Goldsborough
|
0-0: Ball 1-0: Ball 2-0: Called Strike 2-1: Foul Ball, location: 2F 2-2: Ball 3-2: Foul Ball, location: 2F 3-2: Base on Balls
|
|
Batting: RHB Andy Baumhardt
|
0-0: SINGLE (Groundball, 6MD, EV 106.2 MPH) Dustin Goldsborough to second
|
|
Batting: RHB Juan Lira
|
0-0: Foul Ball, location: 2F 0-1: Foul Ball, location: 2F 0-2: Strikes out swinging
|
| Top of the 3rd over - 0 runs, 1 hit, 0 errors, 2 left on base; Chicago (APP) 1 - San Diego (APP) 3 |
| BOTTOM OF THE 3RD |
|
San Diego (APP) Padres batting - Pitching for Chicago (APP) Cubs : RHP Masato Iwase
|
|
Batting: LHB Dean Luttman
|
0-0: Called Strike 0-1: SOLO HOME RUN (Line Drive, 9D, EV 100.6 MPH), Distance : 382 ft
|
|
Batting: RHB Yuusei Narita
|
0-0: Ball 1-0: Called Strike 1-1: Foul Ball, location: 2F 1-2: Ball 2-2: DOUBLE (Line Drive, 9LS, EV 104.4 MPH)
|
|
Batting: LHB Justin Daley
|
0-0: Fly out, F9 (Flyball, 9S, EV 90.0 MPH)
|
|
Batting: RHB Alex Collazo
|
0-0: Fly out, F9 (Flyball, 89S, EV 88.1 MPH)
|
|
Batting: SHB Yu-hsui Lew
|
0-0: 2-RUN HOME RUN (Flyball, 89XD, EV 105.0 MPH), Distance : 429 ft
|
|
Batting: RHB Elias Vences
|
0-0: Ball 1-0: Foul Ball, location: 2F 1-1: Foul Ball, location: 2F 1-2: Fly out, F8 (Flyball, 8RM, EV 85.0 MPH)
|
| Bottom of the 3rd over - 3 runs, 3 hits, 0 errors, 0 left on base; Chicago (APP) 1 - San Diego (APP) 6 |
| TOP OF THE 4TH |
|
Chicago (APP) Cubs batting - Pitching for San Diego (APP) Padres : RHP Brice MacKenzie
|
|
Batting: LHB Jose Mafano
|
0-0: Ball 1-0: Swinging Strike 1-1: Ground out 4-3 (Groundball, 4S, EV 71.2 MPH)
|
|
Batting: RHB Andy Villarreal
|
0-0: Called Strike 0-1: Ball 1-1: Called Strike 1-2: Ball 2-2: Foul Ball, location: 2F 2-2: Ball 3-2: Strikes out looking
|
|
Batting: RHB Jorge Gonzalez
|
0-0: Ball 1-0: Ball 2-0: Ball 3-0: Base on Balls
|
|
Batting: RHB Bobby Almonte
|
0-0: Fly out, F9 (Flyball, 89S, EV 82.5 MPH)
|
| Top of the 4th over - 0 runs, 0 hits, 0 errors, 1 left on base; Chicago (APP) 1 - San Diego (APP) 6 |
| BOTTOM OF THE 4TH |
|
San Diego (APP) Padres batting - Pitching for Chicago (APP) Cubs : RHP Masato Iwase
|
|
Batting: RHB Victor Contreras
|
0-0: Swinging Strike 0-1: Called Strike 0-2: Strikes out swinging
|
|
Batting: RHB Edgardo Rivera
|
0-0: Ball 1-0: Foul Ball, location: 2F 1-1: Foul Ball, location: 2F 1-2: Ball 2-2: Foul Ball, location: 2F 2-2: Ball 3-2: Ground out 6-3 (Groundball, 6, EV 103.1 MPH)
|
|
Batting: RHB Devon Dill
|
0-0: Ball 1-0: Ball 2-0: Called Strike 2-1: Ball 3-1: Base on Balls
|
|
Batting: LHB Dean Luttman
|
0-0: Swinging Strike 0-1: Ball 1-1: Ground out 1-3 (Groundball, 15S, EV 63.1 MPH)
|
| Bottom of the 4th over - 0 runs, 0 hits, 0 errors, 1 left on base; Chicago (APP) 1 - San Diego (APP) 6 |
| TOP OF THE 5TH |
|
Chicago (APP) Cubs batting - Pitching for San Diego (APP) Padres : RHP Brice MacKenzie
|
|
Batting: SHB Jim Lloyd
|
0-0: Foul Ball, location: 2F 0-1: Fly out, F5 (Popup, 6S, EV 71.2 MPH)
|
|
Batting: RHB Lencho Otieno
|
0-0: Called Strike 0-1: Ground out 5-3 (Groundball, 56, EV 101.2 MPH)
|
|
Batting: RHB Dustin Goldsborough
|
0-0: Called Strike 0-1: SINGLE (Groundball, 6MD, EV 110.0 MPH)
|
|
Batting: RHB Andy Baumhardt
|
0-0: Ball Dustin Goldsborough steals 2nd base 1-0: Fly out, F9 (Flyball, 9D, EV 87.5 MPH)
|
| Top of the 5th over - 0 runs, 1 hit, 0 errors, 1 left on base; Chicago (APP) 1 - San Diego (APP) 6 |
| BOTTOM OF THE 5TH |
|
San Diego (APP) Padres batting - Pitching for Chicago (APP) Cubs : RHP Masato Iwase
|
|
Batting: RHB Yuusei Narita
|
0-0: Called Strike 0-1: Foul Ball, location: 2F 0-2: SINGLE (Line Drive, 3D, EV 104.4 MPH)
|
|
Batting: LHB Justin Daley
|
0-0: Ball 1-0: Ball 2-0: Ball 3-0: Called Strike 3-1: Base on Balls Yuusei Narita to second
|
|
Batting: RHB Alex Collazo
|
0-0: 3-RUN HOME RUN (Flyball, 7D, EV 96.9 MPH), Distance : 376 ft
|
|
Batting: SHB Yu-hsui Lew
|
0-0: Ground out 5-3 (Groundball, 5, EV 82.5 MPH)
|
|
Batting: RHB Elias Vences
|
0-0: Ball 1-0: Called Strike 1-1: Ball 2-1: Swinging Strike 2-2: Ground out 1-3 (Groundball, 15S, EV 63.1 MPH)
|
|
Batting: RHB Victor Contreras
|
0-0: Ball 1-0: SOLO HOME RUN (Flyball, 78XD, EV 113.1 MPH), Distance : 429 ft
|
|
Batting: RHB Edgardo Rivera
|
0-0: Called Strike 0-1: Ball 1-1: Ball 2-1: Ball 3-1: Base on Balls
|
|
Batting: RHB Devon Dill
|
0-0: Foul Ball, location: 2F 0-1: Ball 1-1: Ball 2-1: Ball 3-1: Base on Balls Edgardo Rivera to second
|
|
Batting: LHB Dean Luttman
|
0-0: Foul Ball, location: 2F 0-1: Ball Wild Pitch! Edgardo Rivera to third Devon Dill to second 1-1: Ball 2-1: Foul Ball, location: 2F 2-2: Ball 3-2: Base on Balls
|
|
Batting: RHB Yuusei Narita
|
0-0: Ball 1-0: Ground out U3 (Groundball, 3, EV 86.2 MPH)
|
| Bottom of the 5th over - 4 runs, 3 hits, 0 errors, 3 left on base; Chicago (APP) 1 - San Diego (APP) 10 |
| TOP OF THE 6TH |
|
Chicago (APP) Cubs batting - Pitching for San Diego (APP) Padres : RHP Brice MacKenzie
|
|
Batting: RHB Juan Lira
|
0-0: Swinging Strike 0-1: Ball 1-1: Ball 2-1: Fly out, F4 (Popup, 4S, EV 85.0 MPH)
|
|
Batting: LHB Jose Mafano
|
0-0: Called Strike 0-1: Ball 1-1: Ball 2-1: Swinging Strike 2-2: Foul Ball, location: 2F 2-2: Foul Ball, location: 2F 2-2: Foul Ball, location: 2F 2-2: Ball 3-2: Foul Ball, location: 2F 3-2: Foul Ball, location: 2F 3-2: Foul Ball, location: 2F 3-2: Strikes out swinging
|
|
Pitching: RHP Tim bin Fadi
|
|
|
Batting: RHB Andy Villarreal
|
0-0: Ball 1-0: Called Strike 1-1: SINGLE (Line Drive, 4D, EV 103.1 MPH)
|
|
Batting: RHB Jorge Gonzalez
|
0-0: Ball 1-0: Ball 2-0: Foul Ball, location: 2F 2-1: Ball 3-1: Fielders Choice at 2nd, 6-4 (Groundball, 6, EV 91.2 MPH)
|
| Top of the 6th over - 0 runs, 1 hit, 0 errors, 1 left on base; Chicago (APP) 1 - San Diego (APP) 10 |
| BOTTOM OF THE 6TH |
|
San Diego (APP) Padres batting - Pitching for Chicago (APP) Cubs : RHP Masato Iwase
|
|
Batting: LHB Justin Daley
|
0-0: SINGLE (Groundball, 4MD, EV 99.4 MPH)
|
|
Batting: RHB Alex Collazo
|
0-0: Ball 1-0: Ball 2-0: Ball 3-0: Called Strike 3-1: Base on Balls Justin Daley to second
|
|
Batting: SHB Yu-hsui Lew
|
0-0: Grounds into double play, 6-4-3 (Groundball, 6, EV 93.8 MPH) Justin Daley to third
|
|
Batting: RHB Elias Vences
|
0-0: Ball 1-0: Ball 2-0: Ball Passed Ball! Justin Daley scores 3-0: Base on Balls
|
|
Batting: RHB Victor Contreras
|
0-0: Fielders Choice at 2nd, 6-4 (Groundball, 6, EV 88.8 MPH)
|
| Bottom of the 6th over - 1 run, 1 hit, 0 errors, 1 left on base; Chicago (APP) 1 - San Diego (APP) 11 |
| TOP OF THE 7TH |
|
Chicago (APP) Cubs batting - Pitching for San Diego (APP) Padres : RHP Tim bin Fadi
|
|
Batting: RHB Bobby Almonte
|
0-0: Called Strike 0-1: Called Strike 0-2: Foul Ball, location: 2F 0-2: Strikes out swinging
|
|
Batting: SHB Jim Lloyd
|
0-0: SINGLE (Groundball, 56D, EV 103.1 MPH)
|
|
Batting: RHB Lencho Otieno
|
0-0: Ball Balk! Jim Lloyd to second 1-0: Fly out, F3 (Line Drive, 3, EV 66.9 MPH)
|
|
Batting: RHB Dustin Goldsborough
|
0-0: Called Strike 0-1: Ball 1-1: Fly out, F2 (Popup, 13S, EV 85.6 MPH)
|
| Top of the 7th over - 0 runs, 1 hit, 0 errors, 1 left on base; Chicago (APP) 1 - San Diego (APP) 11 |
| BOTTOM OF THE 7TH |
|
San Diego (APP) Padres batting - Pitching for Chicago (APP) Cubs : RHP Masato Iwase
|
|
Batting: RHB Edgardo Rivera
|
0-0: Called Strike 0-1: Foul Ball, location: 2F 0-2: Strikes out swinging
|
|
Batting: RHB Devon Dill
|
0-0: Fly out, F9 (Line Drive, 9, EV 99.4 MPH)
|
|
Batting: LHB Dean Luttman
|
0-0: Foul Ball, location: 2F 0-1: Fly out, F8 (Line Drive, 8LD, EV 93.8 MPH)
|
| Bottom of the 7th over - 0 runs, 0 hits, 0 errors, 0 left on base; Chicago (APP) 1 - San Diego (APP) 11 |
| TOP OF THE 8TH |
|
Chicago (APP) Cubs batting - Pitching for San Diego (APP) Padres : RHP Tim bin Fadi
|
|
Batting: RHB Andy Baumhardt
|
0-0: Foul Ball, location: 2F 0-1: Swinging Strike 0-2: Foul Ball, location: 2F 0-2: Ball 1-2: Foul Ball, location: 2F 1-2: Ball 2-2: Strikes out swinging
|
|
Batting: RHB Juan Lira
|
0-0: SINGLE (Groundball, 34D, EV 103.8 MPH)
|
|
Batting: LHB Jose Mafano
|
0-0: Ball 1-0: Foul Ball, location: 2F 1-1: Ball 2-1: Foul Ball, location: 2F 2-2: Strikes out swinging
|
|
Batting: RHB Andy Villarreal
|
0-0: Ball 1-0: Ball 2-0: Ball 3-0: Base on Balls Juan Lira to second
|
|
Batting: RHB Jorge Gonzalez
|
0-0: Reached on error, E6 (Groundball, 6, EV 83.1 MPH) Juan Lira to third Andy Villarreal to second
|
|
Batting: RHB Bobby Almonte
|
0-0: Called Strike 0-1: Foul Ball, location: 2F 0-2: Ball 1-2: Strikes out swinging
|
| Top of the 8th over - 0 runs, 1 hit, 1 error, 3 left on base; Chicago (APP) 1 - San Diego (APP) 11 |
| BOTTOM OF THE 8TH |
|
San Diego (APP) Padres batting - Pitching for Chicago (APP) Cubs : RHP Masato Iwase
|
|
Batting: RHB Yuusei Narita
|
0-0: Called Strike 0-1: Ball 1-1: Fly out, F7 (Flyball, 7D, EV 100.0 MPH)
|
|
Batting: LHB Justin Daley
|
0-0: Ground out 4-3 (Groundball, 4M, EV 90.0 MPH)
|
|
Batting: RHB Alex Collazo
|
0-0: Foul Ball, location: 2F 0-1: Fly out, F9 (Flyball, 89M, EV 93.8 MPH)
|
| Bottom of the 8th over - 0 runs, 0 hits, 0 errors, 0 left on base; Chicago (APP) 1 - San Diego (APP) 11 |
| TOP OF THE 9TH |
|
Chicago (APP) Cubs batting - Pitching for San Diego (APP) Padres : RHP Tim bin Fadi
|
|
Pitching: LHP Cory Watson
|
|
|
Batting: SHB Jim Lloyd
|
0-0: Ball 1-0: Called Strike 1-1: Ball 2-1: Foul Ball, location: 2F 2-2: TRIPLE (Line Drive, 89XD, EV 104.4 MPH)
|
|
Batting: RHB Lencho Otieno
|
0-0: Ball 1-0: Called Strike 1-1: Ball 2-1: Foul Ball, location: 2F 2-2: Strikes out looking
|
|
Batting: RHB Dustin Goldsborough
|
0-0: Ball Wild Pitch! Jim Lloyd scores 1-0: Called Strike 1-1: Ball 2-1: DOUBLE (Groundball, 5L, EV 103.1 MPH)
|
|
Batting: RHB Andy Baumhardt
|
0-0: Ball 1-0: Swinging Strike 1-1: Called Strike 1-2: Strikes out swinging
|
|
Batting: RHB Juan Lira
|
0-0: Called Strike 0-1: Ground out 5-3 (Groundball, 56, EV 101.2 MPH)
|
| Top of the 9th over - 1 run, 2 hits, 0 errors, 1 left on base; Chicago (APP) 2 - San Diego (APP) 11 |
|